 Dungeon Crawl Stone Soup version 0.25.0-9-g26727b657a (webtiles) character file.

Game seed: 6802140355261793107

74 mopl the Poker (level 4, -1/33 HPs)
             Began as a Merfolk Skald on June 17, 2020.
             Slain by a hobgoblin
             ... wielding a +0 club
             ... led by Robin
              (4 damage)
             ... on level 2 of the Dungeon.
             The game lasted 00:02:04 (1330 turns).

mopl the Poker (Merfolk Skald)                      Turns: 1330, Time: 00:02:05

Health: -1/33      AC:  3    Str: 12    XL:     4   Next: 28%
Magic:  5/7        EV: 12    Int: 12    God:
Gold:   40         SH:  0    Dex: 13    Spells: 4/7 levels left

rFire    . . .     SeeInvis .   a - +0 spear
rCold    + . .     Gourm    .   (no shield)
rNeg     . . .     Faith    .   b - +0 leather armour
rPois    .         Spirit   .   (no helmet)
rElec    .         Reflect  .   (no cloak)
rCorr    .         Harm     .   (no gloves)
MR       .....                  (no boots)
Stlth    +.........             (no amulet)
HPRegen  0.11/turn              i - ring of protection from cold
MPRegen  0.10/turn              (no ring)

@: singing, hasted, very quick
A: change form in water, swift swim, stealthy swim
a: no special abilities


You were on level 2 of the Dungeon.
You were hungry.

You visited 1 branch of the dungeon, and saw 2 of its levels.

You collected 40 gold pieces.

Inventory:

Hand Weapons
 a - a +0 spear (weapon)
Missiles
 h - 8 javelins (quivered)
Armour
 b - a +0 leather armour (worn)
Jewellery
 i - a ring of protection from cold (left hand)
Scrolls
 f - a scroll of remove curse
 g - a scroll of noise {unknown}
 j - a scroll of identify {unknown}
Potions
 e - a potion of haste
 k - a potion of invisibility {unknown}
Comestibles
 d - 5 rations


   Skills:
 - Level 2.1 Fighting
 + Level 6.4 Polearms
 - Level 0.6 Armour
 - Level 2.6 Dodging
 - Level 2.0 Spellcasting
 - Level 3.2 Charms


You had 4 spell levels left.
You knew the following spells:

 Your Spells              Type           Power        Failure   Level  Hunger
a - Infusion              Chrm           #...         9%          1    ##.....
b - Song of Slaying       Chrm           #.......     14%         2    ###....

Your spell library contained the following spells:

 Spells                   Type           Power        Failure   Level  Hunger
 Shroud of Golubria       Chrm/Tloc      #.....       26%         2    ###....
 Ozocubu's Armour         Chrm/Ice       #.......     47%         3    ####...
 Spectral Weapon          Hex/Chrm       #.......     47%         3    ####...


Dungeon Overview and Level Annotations

Branches:
Dungeon (2/15)

Altars:
Hepliaklqana
Zin

Annotations:
D:2 Robin


Message History

* * * LOW HITPOINT WARNING * * *
The goblin closely misses you.
It was a potion of haste.
You feel yourself speed up. The giant cockroach bites you.
* * * LOW HITPOINT WARNING * * *
The goblin barely misses you. x2
You hit the goblin.
You kill the goblin!
The giant cockroach barely misses you.
You hit the hobgoblin.
The hobgoblin is moderately wounded.
The goblin completely misses you.
The giant cockroach waves its antennae.
The giant cockroach closely misses you.
The howler monkey hoots and howls with incredible vigour!
You hear a shout!
You barely miss the hobgoblin.
The hobgoblin is moderately wounded.
The hobgoblin hits you with a +0 club.
You die...

#
##################
#.................
#ggh.........g....
#ggg..g.####.#.#..
#@s####### #.._...
#### ##_## ###.#..
8..$8# .....#
#.....##.#####
8.....8#.
##.....## #8...8#


You could see a howler monkey (catching breath), a giant cockroach, a hobgoblin
and 5 goblins.

Vanquished Creatures
  5 adders (D:2)
  A dart slug (D:2)
  2 leopard geckos (D:2)
  3 bats
  2 giant cockroaches
  3 goblins (D:2)
  2 hobgoblins (D:1)
  2 jackals (D:1)
  A kobold (D:1)
  A quokka (D:1)
  2 frilled lizards
  A rat (D:1)
25 creatures vanquished.

Notes
Turn   | Place    | Note
-------+----------+-------------------------------------------
     0 | D:1      | mopl the Merfolk Skald began the quest for the Orb.
     0 | D:1      | Reached XP level 1. HP: 16/16 MP: 3/3
   180 | D:1      | Reached skill level 4 in Polearms
   180 | D:1      | Reached XP level 2. HP: 16/22 MP: 5/5
   213 | D:1      | Learned a level 2 spell: Song of Slaying
   646 | D:2      | Reached skill level 5 in Polearms
   646 | D:2      | Reached XP level 3. HP: 19/27 MP: 6/6
  1218 | D:2      | Reached skill level 6 in Polearms
  1221 | D:2      | Reached XP level 4. HP: 31/33 MP: 1/7
  1274 | D:2      | Noticed Robin
  1300 | D:2      | Found a hazy altar of Hepliaklqana.
  1313 | D:2      | Found a glowing silver altar of Zin.
  1330 | D:2      | Slain by a hobgoblin

Illustrated notes

Levels and vault maps discovered:
D:1:      onia_arrival_mini_maze_b, layout_rooms, corner_web_ring
D:2:      minmay_recursive_quarters, layout_rooms, lemuel_crystal_altar,
          nicolae_overflow_hidden_temple, uniq_robin

Skill      XL: |  1  2  3 |
---------------+----------+-----
Polearms       | 4 5 6 |  6.4
Fighting       | |  2.1
Armour         | |  0.6
Dodging        | |  2.6
Spellcasting   | |  2.0
Charms         | |  3.2

Action                   |  1- 3 |  4- 6 || total
-------------------------+-------+-------++-------
Melee: Spear             |   104 |    23 ||   127
 Cast: Infusion          |     3 |     1 ||     4
       Song of Slaying   |       |     1 ||     1
  Use: Scroll            |     1 |       ||     1
       Potion            |       |     1 ||     1
  Eat: Chunk             |     1 |       ||     1
Armor: Leather armour    |    15 |    10 ||    25
Dodge: Dodged            |    46 |    36 ||    82
